 Dungeon Crawl Stone Soup version 0.27.1-35-g4d5d836560 (webtiles) character file.

Game seed: 11310120878340522930

26 cbfl8 the Sneak (level 2, -9/27 HPs)
             Began as a Minotaur Delver on Mar 19, 2022.
             Mangled by a mummy (16 damage)
             ... in an ossuary.
             The game lasted 00:01:11 (326 turns).

cbfl8 the Sneak (Minotaur Delver)                    Turns: 326, Time: 00:01:11

Health: -9/27      AC:  3    Str: 16    XL:     2   Next: 89%
Magic:  1/1        EV: 12    Int:  7    God:
Gold:   19         SH:  0    Dex: 11    Spells: 1/1 levels left

rFire    . . .     SeeInvis .   h - +0 rapier
rCold    . . .     Faith    .   (no shield)
rNeg     . . .     Spirit   .   b - +0 leather armour
rPois    .         Reflect  .   (helmet restricted)
rElec    .         Harm     .   (no cloak)
rCorr    .         Rampage  .   (no gloves)
Will     .....                  (no boots)
Stlth    ++........             (no amulet)
HPRegen  0.09/turn              (no ring)
MPRegen  0.07/turn              (no ring)

@: no status effects
A: horns 2, retaliatory headbutt
a: no special abilities


You were in an ossuary.
You visited 1 branch of the dungeon, and saw 1 of its levels.
You also visited: Ossuary.

You collected 19 gold pieces.

Inventory:

Hand Weapons
 a - a +0 hand axe
 h - a +0 rapier (weapon)
Armour
 b - a +0 leather armour (worn)
Wands
 g - a wand of digging (3)
 j - a wand of iceblast (12)
Scrolls
 c - a scroll of fog
 e - a scroll of fear
Potions
 f - a potion of haste
 i - a potion of might {unknown}


   Skills:
 + Level 3.8 Fighting
 + Level 0.5 Short Blades
 + Level 2.4 Axes
 + Level 0.4 Armour
 + Level 2.3 Dodging
 + Level 4.6 Stealth


You had one spell level left.
You didn't know any spells.
Your spell library was empty.

Dungeon Overview and Level Annotations

Branches:
Dungeon (5/15)            Ossuary (1/1)
 Temple: D:4-7

Altars:


Innate Abilities, Weirdness & Mutations

You have a pair of horns on your head.
You reflexively headbutt those who attack you in melee.


Message History

HP restored.
A gnoll zombie comes into view.
There is an empty arch of ancient stone here. 2 mummies and a zombie come into view.
The hobgoblin zombie hits you but does no damage.
There is an empty arch of ancient stone here.
You hit the hobgoblin zombie but do no damage.
You headbutt the hobgoblin zombie!
You destroy the hobgoblin zombie!
The mummy barely misses you.
You barely miss the mummy. You headbutt the mummy!
The mummy is heavily damaged.
You barely miss the mummy. You headbutt the mummy.
The mummy is heavily damaged.
The mummy closely misses you.
You hit the mummy. You headbutt the mummy.
You destroy the mummy!
There is an empty arch of ancient stone here.
There is an empty arch of ancient stone here.
There is an empty arch of ancient stone here.
There is an empty arch of ancient stone here.
There is an empty arch of ancient stone here.
There is an empty arch of ancient stone here.
You hit the mummy.
The mummy is lightly damaged.
You hit the mummy but do no damage.
The mummy is lightly damaged.
The mummy hits you!
You hit the mummy. You headbutt the mummy.
The mummy is severely damaged.
The mummy hits you!
* * * LOW HITPOINT WARNING * * *
You hit the mummy.
You headbutt the mummy, but do no damage.
The mummy is severely damaged.
You hit the mummy but do no damage. You headbutt the mummy.
The mummy is almost destroyed.
The mummy hits you!
Ouch! That really hurt!
You die...

..M...#
#....#
#....#
#....#
#....#
#....#
#....#
#.M..#
#.@..#
#.∩∩.#
######


You could see a mummy.

Vanquished Creatures
  A mummy (Ossuary)
  An adder (D:5)
  A gnoll zombie (Ossuary)
  A hobgoblin zombie (Ossuary)
  2 kobold zombies (Ossuary)
  2 orc zombies (Ossuary)
8 creatures vanquished.

Notes
Turn   | Place    | Note
-------+----------+-------------------------------------------
     0 | D:5      | cbfl8 the Minotaur Delver began the quest for the Orb.
     0 | D:5      | Reached XP level 1. HP: 19/19 MP: 0/0
    61 | D:5      | Reached XP level 2. HP: 15/27 MP: 1/1
   139 | D:5      | Found a sand-covered staircase.
   153 | Ossuary  | Entered an ossuary
   326 | Ossuary  | Mangled by a mummy

Illustrated notes

Levels and vault maps discovered:
D:5:      layout_basic, cheibrodos_ashenzari_chains,
          nicolae_ossuary_entry_ruins, hangedman_decor_lopped
Ossuary:  ossuary_tomb_3

Action                   || total
-------------------------++-------
Melee: Rapier            ||    37
       Headbutt          ||    10
  Use: Scroll            ||     1
Armor: Leather armour    ||     8
Dodge: Dodged            ||    19
